 Dungeon Crawl Stone Soup version 0.19.5 (webtiles) character file.

8929 Inarius the Basher (level 11, 0/95 HPs)
             Began as a Minotaur Fighter on Apr 20, 2017.
             Was a High Priest of Dithmenos.
             Killed from afar by an electric eel (10 damage)
             ... with a bolt of electricity
             ... on level 10 of the Dungeon on Apr 21, 2017.
             The game lasted 01:02:13 (11852 turns).

Inarius the Basher (Minotaur Fighter)              Turns: 11852, Time: 01:02:13

Health: 0/95       AC: 19    Str: 22    XL:     11   Next: 16%
Magic:  8/8        EV:  7    Int:  5    God:    Dithmenos [*****.]
Gold:   583        SH: 16    Dex: 14    Spells: 0 memorised, 10 levels left

rFire  + . .     SeeInvis .     z - +8 hunting sling of Forced Transition {venom, Dex+2 Stlth+}
rCold  + . .     Gourm    .     y - +0 plate armour
rNeg   . . .     Faith    .     c - +0 shield
rPois  .         Spirit   .     (helmet restricted)
rElec  .         Reflect  .     O - +0 cloak {+Inv}
rCorr  .         Harm     +     E - +0 pair of gloves
MR     .....                    C - +1 pair of boots
Stlth  ..........               W - amulet of harm
                                t - ring of protection from fire
                                V - ring of protection from cold

@: wreathed by umbra
A: retaliatory headbutt, horns 2, large bone plates 1, low mp 1, mutation
resistance 1
a: Shadow Step, Shadow Form, Renounce Religion, Evoke Invisibility


You were on level 10 of the Dungeon.
You worshipped Dithmenos.
Dithmenos was extremely pleased with you.
You were not hungry.

You visited 1 branch of the dungeon, and saw 10 of its levels.
You also visited: Sewer and Bailey.

You collected 583 gold pieces.

Inventory:

Hand Weapons
 v - a +2 mace of holy wrath
 z - the +8 hunting sling of Forced Transition (weapon) {venom, Dex+2 Stlth+}
   (You found it on level 4 of the Dungeon)

   It poisons the ammo it fires.
   It affects your dexterity (+2).
   It makes you more stealthy.
 U - the +6 scimitar of Loxzofre {vamp, *Rage rPois Dex+3, unknown}
   (You took it off an orc wizard on level 9 of the Dungeon)

   It inflicts no extra harm, but heals its wielder when it wounds a living foe.
   It affects your dexterity (+3).
   It protects you from poison.
   It may make you go berserk in combat.
Missiles
 h - 174 stones (quivered)
 n - 4 tomahawks
 L - 20 javelins of returning
 T - 20 sling bullets
Armour
 c - a +0 shield (worn)
 y - a +0 plate armour (worn)
 C - a +1 pair of boots (worn)
 E - a +0 pair of gloves (worn)
 O - a +0 cloak of invisibility (worn)
Jewellery
 a - an uncursed ring of fire
 q - an uncursed ring of ice
 t - a ring of protection from fire (right hand)
 N - an uncursed ring of protection from magic
 V - a ring of protection from cold (left hand)
 W - an amulet of harm (around neck)
Wands
 b - a wand of iceblast (5/15)
 K - a wand of teleportation (7/9)
Scrolls
 e - 2 scrolls of blinking {unknown}
 k - a scroll of noise {unknown}
 l - 9 scrolls of remove curse
 m - 2 scrolls of recharging
 s - 3 scrolls of teleportation
 w - 2 scrolls of enchant armour {unknown}
 A - a scroll of fear
 F - a scroll of enchant weapon {unknown}
 H - 2 scrolls of immolation
 I - a scroll of fog {unknown}
 M - a scroll of acquirement {unknown}
 S - a scroll of summoning {unknown}
Potions
 d - 3 potions of might
 i - 8 potions of curing
 j - 2 potions of lignification
 o - 4 potions of heal wounds
 p - 2 potions of agility {unknown}
 u - a potion of magic {unknown}
 x - 8 potions of brilliance
 D - a potion of flight
 G - a potion of mutation {unknown}
 J - a potion of cure mutation {unknown}
Comestibles
 f - 7 bread rations
 g - 6 beef jerkies
 r - 9 royal jellies
 P - a slice of pizza
 Q - 3 fruits


   Skills:
 + Level 8.8 Fighting
 + Level 5.2 Long Blades
 + Level 9.4 Maces & Flails
 + Level 8.8(8.9) Slings
 - Level 1.8(5.3) Throwing
 + Level 9.0 Armour
 + Level 3.1 Dodging
 + Level 1.5 Stealth
 + Level 9.4 Shields


You had 10 spell levels left.
You didn't know any spells.

Dungeon Overview and Level Annotations

Branches:
Dungeon (10/15)            Temple (0/1) D:5             Orc (0/2) D:9
   Lair: D:8-11

Altars:
Dithmenos
Elyvilon
Fedhas
Makhleb
Xom

Shops:
D:9 [(

Annotations:
D:5 1 runed door


Innate Abilities, Weirdness & Mutations

You reflexively headbutt those who attack you in melee.
You have a pair of horns on your head.
You are partially covered in large bone plates. (SH +4)
Your magical capacity is low. (-10% MP)
You are somewhat resistant to further mutation.


Message History

The electric eel shoots out a bolt of lightning at you!
The bolt of electricity hits the electric eel.
The electric eel completely resists.
The bolt of electricity hits you!
The electric eel shoots out a bolt of lightning at you!
The bolt of electricity hits you!
You see here a stone.
The electric eel shoots out a bolt of lightning at you!
The bolt of electricity hits you!
The electric eel shoots out a bolt of lightning at you!
The bolt of electricity hits you!
The two-headed ogre hits you with a giant club.
* * * LOW HITPOINT WARNING * * *
The two-headed ogre hits you with a giant club.
* * * LOW HITPOINT WARNING * * *
The electric eel shoots out a bolt of lightning at you!
The bolt of electricity hits you!
* * * LOW HITPOINT WARNING * * *
The electric eel shoots out a bolt of lightning at you!
The bolt of electricity hits you!
You die...

#######.# #.....#.# ##
#....≈≈.# #≈≈
#.#.≈≈≈≈##
≈≈≈≈#..≈≈≈≈≈≈##
≈≈≈≈≈.≈≈≈≈≈≈≈≈##
≈≈≈≈≈≈≈≈≈≈≈≈;≈≈#
≈≈≈≈≈(≈((;(≈O≈@#####
≈≈≈≈≈≈≈≈≈≈;>≈≈≈.......
≈≈≈≈≈≈≈≈≈≈≈≈≈≈≈#####.#
≈≈≈≈≈≈≈o≈≈≈≈≈≈≈....#
≈o≈≈≈≈≈≈≈≈≈≈≈≈####.#
≈≈≈≈≈..≈≈≈≈≈≈....#.#
≈≈≈≈#...≈≈≈≈.###.#.#
#≈≈.#....≈≈........#
#........###.####


You could see a two-headed ogre, 3 electric eels and an orc wizard.

Vanquished Creatures
  Pikel (D:7)
  The ghost of Mesmaeker13 the Skirmisher, a novice DsGl of Okawaru (D:6)
  Maurice (D:8)
  A centaur skeleton (D:9)
  A two-headed ogre (D:9)
  2 hornets (D:9)
  A wyvern (D:9)
  2 hungry ghosts
  Eustachio (D:4)
  Grum (D:8)
  2 soldier ants (D:9)
  15 orc warriors
  A black bear (D:9)
  3 slaves (D:7)
  2 sky beasts
  2 ogres
  An ice beast (D:5)
  2 wolves (D:8)
  10 centaurs
  A crocodile (D:10)
  3 big kobolds
  3 bullfrogs
  Blork the orc (D:5)
  A water moccasin zombie (D:8)
  4 scorpions
  3 killer bees (D:9)
  5 wights (D:6)
  12 electric eels
  3 howler monkeys
  2 crimson imps
  A bullfrog zombie (D:8)
  A hound (D:5)
  A jelly (D:8)
  A bullfrog skeleton (D:9)
  13 orc wizards
  6 orc priests
  4 iguanas
  4 worker ants
  Robin (D:3)
  7 gnolls
  10 adders
  2 shadow imps
  6 oozes
  3 adder skeletons
  3 worms
  2 dart slugs
  8 leopard geckos
  67 orcs
  4 ball pythons
  7 giant cockroaches
  21 goblins
  6 hobgoblins
  2 jackals (D:5)
  25 kobolds
  6 quokkas
  8 bats
  7 frilled lizards
  A jackal zombie (D:8)
  2 quokka skeletons (D:4)
  12 rats
  4 plants (D:8)
333 creatures vanquished.

Vanquished Creatures (others)
  A quokka zombie (D:8)
  4 toadstools (D:1)
5 creatures vanquished.

Grand Total: 338 creatures vanquished

Notes
Turn   | Place    | Note
-------+----------+-------------------------------------------
     0 | D:1      | Inarius the Minotaur Fighter began the quest for the Orb.
     0 | D:1      | Reached XP level 1. HP: 19/19 MP: 0/0
   136 | D:1      | Reached XP level 2. HP: 27/27 MP: 1/1
   819 | D:2      | Reached XP level 3. HP: 23/33 MP: 2/2
  1375 | D:2      | Reached XP level 4. HP: 29/40 MP: 3/3
  1596 | D:3      | Reached skill level 1 in Dodging
  2044 | D:3      | Reached XP level 5. HP: 40/47 MP: 4/4
  2163 | D:3      | Found a shadowy altar of Dithmenos.
  2185 | D:3      | Became a worshipper of Dithmenos the Shadowed
  2566 | D:3      | Reached skill level 5 in Long Blades
  2566 | D:3      | Reached skill level 1 in Maces & Flails
  2648 | D:3      | Reached XP level 6. HP: 53/53 MP: 5/5
  2899 | D:3      | Noticed Robin
  2901 | D:3      | Killed Robin
  2906 | D:3      | Reached * piety under Dithmenos
  3058 | D:4      | Noticed Eustachio
  3250 | D:4      | Killed Eustachio
  3250 | D:4      | Reached skill level 5 in Armour
  3264 | D:4      | Got a slimy hunting sling
  3279 | D:4      | Identified the +8 hunting sling of Forced Transition {venom, Dex+2 Stlth+} (You found it on level 4 of the Dungeon)
  3464 | D:4      | Reached XP level 7. HP: 59/60 MP: 6/6
  3471 | D:4      | Reached skill level 5 in Fighting
  4020 | D:5      | Entered Level 5 of the Dungeon
  4057 | D:5      | Reached skill level 5 in Shields
  4067 | D:5      | Gained mutation: You are somewhat resistant to further mutation. [mutagenic meat]
  4068 | D:5      | Gained mutation: You are partially covered in large bone plates. (SH +4) [mutagenic meat]
  4108 | D:5      | Reached skill level 1 in Throwing
  4213 | D:5      | Found a staircase to the Ecumenical Temple.
  4226 | D:5      | Reached XP level 8. HP: 69/69 MP: 7/7
  4243 | D:5      | Reached ** piety under Dithmenos
  4509 | D:5      | Reached skill level 5 in Maces & Flails
  4509 | D:5      | Reached skill level 1 in Slings
  4521 | D:5      | Found a runed door.
  4521 | D:5      | Found a white marble altar of Elyvilon.
  4521 | D:5      | Noticed an angel
  4619 | D:6      | Noticed Blork the orc
  4632 | D:6      | Noticed Mesmaeker13's ghost (novice DsGl)
  4641 | D:5      | Killed Blork the orc
  4726 | D:6      | Killed Mesmaeker13's ghost
  4861 | D:6      | Found a glowing drain.
  4872 | Sewer    | Entered a sewer
  5164 | Sewer    | Reached skill level 1 in Stealth
  5164 | Sewer    | Reached XP level 9. HP: 77/78 MP: 8/8
  5165 | Sewer    | Reached *** piety under Dithmenos
  6568 | D:7      | Noticed Pikel
  6662 | D:7      | Found a blossoming altar of Fedhas.
  7296 | D:7      | Killed Pikel
  7372 | D:8      | Gained mutation: Your magical capacity is low. (-10% MP) [mutagenic meat]
  7544 | D:8      | Found a flagged portal.
  7551 | Bailey   | Entered a bailey
  7770 | Bailey   | Reached **** piety under Dithmenos
  7791 | Bailey   | Reached skill level 5 in Slings
  8030 | Bailey   | Reached XP level 10. HP: 86/86 MP: 8/8
  8636 | D:8      | Noticed Maurice
  8681 | D:8      | Killed Maurice
  8706 | D:8      | Noticed Grum
  8719 | D:8      | Killed Grum
  9058 | D:8      | Reached ***** piety under Dithmenos
  9855 | D:9      | Found Raxohur's Weapon Boutique.
  9893 | D:9      | Found Paqunuackifa's Armour Boutique.
 10876 | D:9      | Found a staircase to the Orcish Mines.
 10992 | D:9      | Found a burning altar of Makhleb.
 10993 | D:9      | Found a shimmering altar of Xom.
 11000 | D:9      | Reached XP level 11. HP: 77/95 MP: 8/8
 11517 | D:9      | Got a jewelled scimitar {vamp}
 11667 | D:10     | Entered Level 10 of the Dungeon
 11852 | D:10     | Killed from afar by an electric eel

Skill      XL: |  1  2  3  4  5  6  7  8  9 10 11 |
---------------+----------------------------------+-----
Fighting       | 4 5 6 7 8 |  8.8
Long Blades    | 3 4 5 |  5.2
Armour         | 4 5 6 7 8 9 |  9.0
Shields        | 4 5 6 8 9 |  9.4
Dodging        | 1 2 3 |  3.1
Maces & Flails | 1 2 4 6 8 9 |  9.4
Throwing       | 1 |  1.8
Slings         | 2 5 8 |  8.8
Stealth        | 1 |  1.5

Action                   |  1- 3 |  4- 6 |  7- 9 | 10-12 || total
-------------------------+-------+-------+-------+-------++-------
Melee: Long sword        |    97 |    35 |       |       ||   132
       Headbutt          |    12 |    23 |    48 |    54 ||   137
       Mace              |       |   104 |   312 |   239 ||   655
 Fire: Hunting sling     |       |       |   128 |   171 ||   299
Throw: Stone             |       |       |    14 |     4 ||    18
  Use: Scroll            |       |     1 |     8 |     4 ||    13
       Potion            |       |       |     1 |     1 ||     2
  Eat: Chunk             |     2 |     6 |    18 |     4 ||    30
       Meat ration       |       |       |     2 |     2 ||     4
       Pizza             |       |       |     1 |       ||     1
Armor: Scale mail        |    47 |       |       |       ||    47
       Ring mail         |     5 |     7 |       |       ||    12
       Chain mail        |       |    74 |   101 |       ||   175
       Plate armour      |       |       |       |    81 ||    81
Dodge: Dodged            |    42 |    43 |    64 |    50 ||   199
Block: Shield            |    50 |    78 |   250 |   179 ||   557
       Rpst.: Long sword |    10 |       |       |       ||    10
